 Dungeon Crawl Stone Soup version 0.28-a0-511-gcc94558de3 (webtiles) character file.

Game seed: 15459327078756801613

26 willcat the Sneak (level 3, -6/26 HPs)
             Began as an Octopode Delver on Sept 21, 2021.
             Mangled by a scorpion (9 damage)
             ... on level 5 of the Dungeon.
             The game lasted 00:00:15 (155 turns).

willcat the Sneak (Octopode Delver)                  Turns: 155, Time: 00:00:15

Health: -6/26      AC:  1    Str: 11    XL:     3   Next: 8%
Magic:  3/3        EV: 13    Int: 13    God:
Gold:   10         SH:  0    Dex: 13    Spells: 2/2 levels left

rFire   . . .      SeeInvis .   a - +0 short sword
rCold   . . .      Faith    .   (no shield)
rNeg    . . .      Spirit   .   (helmet restricted)
rPois   .          Reflect  .   (no amulet)
rElec   .          Harm     .   (no ring)
rCorr   .          Rampage  .   (no ring)
Will    .....                   (no ring)
Stlth   ++++......              (no ring)
HPRegen 0.08/turn               (no ring)
MPRegen 0.08/turn               (no ring)
                                (no ring)
                                (no ring)

@: lethally poisoned (-6 -> -8)
A: almost no armour, amphibious, 8 rings, camouflage 1, gelatinous body 1,
(nimble swimmer 1), tentacles
a: no special abilities


You were on level 5 of the Dungeon.
You visited 1 branch of the dungeon, and saw 1 of its levels.

You collected 10 gold pieces.

Inventory:

Hand Weapons
 a - a +0 short sword (weapon)
Wands
 f - a wand of digging (3)
Scrolls
 b - a scroll of fog
 c - a scroll of magic mapping
 d - a scroll of fear
 g - a scroll of immolation {unknown}
Potions
 e - a potion of haste


   Skills:
 - Level 3.0 Fighting
 + Level 2.5 Short Blades
 + Level 2.5 Dodging
 + Level 7.0 Stealth


You had 2 spell levels left.
You didn't know any spells.
Your spell library was empty.

Dungeon Overview and Level Annotations

Branches:
Dungeon (5/15)
 Temple: D:4-7

Altars:
Xom


Innate Abilities, Weirdness & Mutations

You cannot wear most types of armour.
You are amphibious.
You can wear up to eight rings at the same time.
Your skin changes colour to match your surroundings (Stealth+).
Your rubbery body absorbs attacks. (AC +1, EV +1)
((You are camouflaged near water. (Stealth+)))
You have tentacles for arms and can constrict up to eight enemies at once.


Message History

The scorpion is lightly wounded.
The scorpion stings you.
You are poisoned.
The scorpion poisons you! The scorpion stings you!
Unknown command.
You barely miss the scorpion. Your grab misses the scorpion.
Your squeeze misses the scorpion.
The scorpion is lightly wounded.
You feel sick. The scorpion misses you.
Unknown command.
You hit the scorpion but do no damage. Your grab misses the scorpion.
The scorpion is lightly wounded.
* * * LOW HITPOINT WARNING * * *
You feel sick. The scorpion misses you.
Unknown command.
Unknown command.
Okay, then.
You hit the scorpion but do no damage. You grab the scorpion.
The scorpion is lightly wounded.
You constrict the scorpion, but do no damage.
* * * LOW HITPOINT WARNING * * *
You feel sick.
An orc comes into view. It is wielding a +0 hand axe.
The scorpion closely misses you.
Unknown command.
You hit the scorpion but do no damage. You squeeze the scorpion.
The scorpion is moderately wounded.
You constrict the scorpion, but do no damage.
* * * LOW HITPOINT WARNING * * *
You feel sick.
An orc comes into view. It is wielding a +0 dagger.
The scorpion completely misses you.
Unknown command.
The orc shouts!
You hit the scorpion.
The scorpion is moderately wounded.
You constrict the scorpion.
* * * LOW HITPOINT WARNING * * *
You feel sick. The scorpion stings you!
You die... .## ..o ... #o# .. ##.## .. oh.

.# #s# ##.##
#@#######...##
#.....##.....##
#.....#.......###
###.###....._.....#
.<...##.#.......#.##
.#......##.....##..#
#.........##...##...'
#.#...######.##....#
#.#..(............##


You could see a black bear, a scorpion and 3 orcs.

Vanquished Creatures
  A scorpion zombie (D:5)
  2 orcs (D:5)
3 creatures vanquished.

Notes
Turn   | Place    | Note
-------+----------+-------------------------------------------
     0 | D:5      | willcat the Octopode Delver began the quest for the Orb.
     0 | D:5      | Reached XP level 1. HP: 16/16 MP: 1/1
    46 | D:5      | Reached skill level 7 in Stealth
    46 | D:5      | Reached XP level 2. HP: 16/21 MP: 2/2
   123 | D:5      | Found a shimmering altar of Xom.
   142 | D:5      | Noticed a black bear
   145 | D:5      | Reached XP level 3. HP: 26/26 MP: 3/3
   145 | D:5      | Noticed a scorpion
   155 | D:5      | Mangled by a scorpion

Illustrated notes

Levels and vault maps discovered:
D:5:      layout_loops_corners, lemuel_round_altar,
          corexii_item_surrounded_by_moat

Skill      XL: |  1 |
---------------+----+-----
Stealth        | 7 |  7.0
Fighting       | |  3.0
Short Blades   | |  2.5
Dodging        | |  2.5

Action                   || total
-------------------------++-------
Melee: Short sword       ||    18
       Constrict         ||     4
       Tentacles         ||     4
 Stab: Sleeping          ||     1
Dodge: Dodged            ||    10

Table legend: (Time is in decaauts)
 A = Elapsed time spent in this place.
 B = Non-inter-level travel time spent in this place.
 C = Inter-level travel time spent in this place.
 D = Time resting spent in this place.
 E = Time spent auto-exploring this place.
 F = Levels seen in this place.
 G = Mean time per level.
                   A        B        C        D        E       F      G
               +--------+--------+--------+--------+--------+-----+--------+
         Total |    154 |    154 |      0 |      0 |    130 |   1 |  154.0 |
       Dungeon |    154 |    154 |      0 |      0 |    130 |   1 |  154.0 |
               +--------+--------+--------+--------+--------+-----+--------+

Top non-repeatable levels by time:
     D:5: 154 daAuts
